 Dungeon Sprint DCSS version 0.32-a0-171-g4625e66871 (webtiles) character file.

Game seed: 9898599361550328897

47150 Conn the Genius of the Arcane (level 13, -9/99 HPs)
             Began as an Octopode Fire Elementalist on Feb 12, 2024.
             Was the Champion of Sif Muna.
             Mangled by a rockslime (44 damage)
             ... created by the Royal Jelly
             ... in the Dungeon (Sprint III: "The Ten Rune Challenge").
             The game lasted 00:37:09 (5630 turns).

Conn the Genius of the Arcane (OpFE)                Turns: 5630, Time: 00:37:10

Health: -9/99      AC:  2    Str:  6 (7)  XL:     13   Next: 75%
Magic:  2/33       EV: 17    Int: 24      God:    Sif Muna [******]
Gold:   1684       SH:  9    Dex: 21 (22) Spells: 2/44 levels left

rFire   . . .        r - +5 dagger "Paapret" {holy, Will+ rCorr Dex+4}
rCold   . . .        D - +0 kite shield {reflect}
rNeg    . . .        g - +1 hat
rPois   +            t - amulet of regeneration
rElec   .            z - ring of wizardry
rCorr   +            y - +6 ring of dexterity
SInv    .            s - ring "Xoaxonis" {*Corrode rPois Will+ Int+3 Stlth+}
Will    ++...        (no ring)
Stlth   ++++++       (no ring)
HPRegen 1.16/turn    (no ring)
MPRegen 0.23/turn    (no ring)
                     (no ring)

%: no teleportation, corrode self (3%), reflection, wizardry (x1)
@: on blink cooldown, hasted, studying Shields, very quick
A: almost no armour, amphibious, 8 rings, camouflage 1, gelatinous body 1,
(nimble swimmer 1), tentacles, deterioration 1, dopey 1, wild magic 1
}: 1/10 runes: barnacled
a: Renounce Religion, Channel Magic, Forget Spell, Divine Exegesis


You were in the Dungeon.
You worshipped Sif Muna.
Sif Muna was exalted by your worship.
You visited 1 branch You collected 2517 gold pieces.
You spent 833 gold pieces at shops.

Inventory:

Hand Weapons
 m - a +0 dagger
 o - a +2 short sword of freezing
 r - the +5 dagger "Paapret" (weapon) {holy, Will+ rCorr Dex+4}
   (You took it off a deep elf high priest in the Dungeon)

   Dex+4:     It affects your dexterity (+4).
   Will+:     It increases your willpower.
   rCorr:     It protects you from acid and corrosion.
 u - the +5 long sword of the Dead {vamp, rElec rF- rCorr Dex-5}
   (You took it off a deep elf demonologist in the Dungeon)

   Dex-5:     It affects your dexterity (-5).
   rF-:       It makes you vulnerable to fire.
   rElec:     It insulates you from electricity.
   rCorr:     It protects you from acid and corrosion.
 A - the +6 Majin-Bo {spellvamp, MP+6 Int+6}
   (You found it in the Dungeon)

   Int+6:     It affects your intelligence (+6).
   MP+6:      It affects your magic capacity (+6).
Missiles
 C - 7 curare-tipped darts
Armour
 g - a +1 hat (worn)
 B - a +0 buckler
 D - a +0 kite shield of reflection (worn)
Magical Staves
 v - a staff of fire
Jewellery
 q - a ring of ice
 s - the ring "Xoaxonis" (on tentacle) {*Corrode rPois Will+ Int+3 Stlth+}
   (You took it off a deep elf annihilator in the Dungeon)

   [ring of willpower]

   Int+3:     It affects your intelligence (+3).
   rPois:     It protects you from poison Will+: It increases your willpower.
   *Corrode:  It may corrode you when you take damage.
   Stlth+:    It makes you more stealthy.
 t - an amulet of regeneration (around mantle)
 y - a +6 ring of dexterity (right tentacle)
 z - a ring of wizardry (left tentacle)
Wands
 w - a wand of acid (4)
Scrolls
 h - a scroll of revelation
 i - a scroll of poison
 k - a scroll of identify
 x - 4 scrolls of amnesia
Potions
 a - 3 potions of magic
 b - a potion of curing
 c - 3 potions of heal wounds
 d - a potion of haste
 e - 3 potions of mutation
 l - a potion of enlightenment
 p - a potion of lignification
Miscellaneous
 n - a lightning rod (4/4)


   Skills:
 * Level 13.1 Fighting
 - Level 10.4 Dodging
 - Level 8.0 Stealth
 * Level 1.5 Shields
 * Level 16.0 Spellcasting
 - Level 13.6 Conjurations
 - Level 6.0 Hexes
 - Level 5.0 Translocations
 + Level 14.7 Fire Magic
 - Level 9.4 Air Magic
 - Level 5.0 Earth Magic
 * Level 16.8 Invocations


You had 2 spell levels left.
You knew the following spells:

 Your Spells              Type           Power      Damage    Failure   Level
a - Foxfire               Conj/Fire      100%       2x1d9     1%          1
b - Scorch                Fire           100%       2d9       1%          2
c - Inner Flame           Hex/Fire       74%        N/A       1%          3
d - Flame Wave            Conj/Fire      85%        2d18      1%          4
e - Stone Arrow           Conj/Erth      100%       3d13      1%          3
f - Brom's Barrelling Bo  Conj/Erth      70%        2d8       3%          4
g - Iskenderun's Mystic   Conj/Tloc      70%        2d14      3%          4
h - Arcjolt               Conj/Air       38%        1d48      4%          5
i - Fireball              Conj/Fire      42%        3d17      1%          5
j - Mephitic Cloud        Conj/Alch/Air  65%        N/A       2%          3
k - Blink                 Tloc           100%       N/A       3%          2
l - Plasma Beam           Fire/Air       39%        2x1d53    16%         6

Your spell library contained the following spells:

 Spells                   Type           Power      Damage    Failure   Level
 Kiss of Death            Conj/Necr      100%       2d13      1%          1
 Shock                    Conj/Air       100%       1d9       1%          1
 Sting                    Conj/Alch      100%       1d9       1%          1
 Momentum Strike          Conj/Tloc      100%       3d10      1%          2
 Searing Ray              Conj           100%       2d8       1%          2
 Static Discharge         Conj/Air       100%       3-8/arc   1%          2
 Apportation              Tloc           100%       N/A       2%          1
 Sandblast                Erth           100%       2d20      2%          1
 Lesser Beckoning         Tloc           100%       N/A       3%          2
 Mercury Vapours          Alch/Air       100%       N/A       4%          2
 Necrotise                Necr           100%       1d9       14%         1
 Summon Small Mammal      Summ           100%       N/A       14%         1
 Dazzling Flash           Conj/Hex       100%       N/A       1%          3
 Swiftness                Air            71%        N/A       1%          3
 Volatile Blastmotes      Fire/Tloc      100%       2d18      1%          3
 Iskenderun's Battlesphe  Conj           84%        2d13      1%          5
 Hailstorm                Conj/Ice       61%        3d11      3%          3
 Airstrike                Air            35%        2d(6-22)  3%          4
 Tukima's Dance           Hex            58%        N/A       4%          3
 Passwall                 Erth           54%        N/A       6%          3
 Starburst                Conj/Fire      42%        6d12      7%          6
 Ignite Poison            Fire/Alch      63%        N/A       8%          4
 Sticky Flame             Fire/Alch      63%        2d11      8%          4
 Summon Blazeheart Golem  Fire/Summ      63%        N/A       8%          4
 Fulminant Prism          Conj/Alch      30%        3d16      9%          4
 Dimensional Bullseye     Hex/Tloc       28%        N/A       14%         4
 Freezing Cloud           Conj/Ice/Air   32%        6-21      16%         5
 Conjure Ball Lightning   Conj/Air       38%        3x3d12    19%         6
 Summon Lightning Spire   Summ/Air       53%        N/A       21%         4
 Irradiate                Conj/Alch      30%        3d21      22%         5
 Bombard                  Conj/Erth      35%        9d6       38%         6
 Orb of Destruction       Conj           42%        9d12      38%         7
 Leda's Liquefaction      Alch/Erth      20%        N/A       41%         4
 Lee's Rapid Deconstruct  Erth           27%        3d14*     41%         5
 Yara's Violent Unravell  Hex/Alch       21%        3d10      67%         5
 Borgnjor's Vile Clutch   Necr/Erth      20%        N/A       73%         5
 Curse of Agony           Necr           25%        N/A       96%         5
 Spellforged Servitor     Conj/Summ      30%        N/A       99%         7
 Eringya's Noxious Bog    Alch           12%        4d6       100%        6
 Enfeeble                 Hex            29%        N/A       100%        7
 Monstrous Menagerie      Summ           12%        N/A       100%        7
 Lehudib's Crystal Spear  Conj/Erth      35%        10d9      100%        8
 Maxwell's Capacitive Co  Air            35%        ∞         100%        8
 Chain Lightning          Conj/Air       38%        3d51      100%        9
 Dragon's Call            Summ           12%        N/A       100%        9
 Fire Storm               Conj/Fire      42%        8d11      100%        9


Dungeon Overview and Level Annotations

Branches:
Dungeon (1/1)

Altars:
Cheibriados
Dithmenos
Fedhas
Gozag
Hepliaklqana
Kikubaaqudgha
Makhleb
Nemelex Xobeh
Okawaru
Qazlal
Ru
Sif Muna
Trog
Uskayaw
Vehumet
Wu Jian
Xom
Yredelemnul
Jiyva
Lugonu

Shops:
D :!(!

Annotations:
D Royal Jelly


Innate Abilities, Weirdness & Mutations

You cannot wear most types of armour.
You are amphibious.
You can wear up to eight rings at the same time.
Your skin changes colour to match your surroundings (Stealth+).
Your rubbery body absorbs attacks. (AC +1, EV +1)
((You are camouflaged when in or above water. (Stealth+)))
You have tentacles for arms and can constrict up to eight enemies at once.
Your body sometimes deteriorates upon taking damage.
You are dopey. (Int -2)
Your spells are a little harder to cast, but a little more powerful.


Message History

Electricity surges outward!
The rockslime completely resists.
The rockslime is struck by an electric surge.
The rockslime resists.
The rockslime is struck by an electric surge.
The rockslime is heavily wounded.
The rockslime resists.
The rockslime is struck by an electric surge.
The rockslime is severely wounded.
The rockslime resists.
The rockslime is struck by an electric surge!
The rockslime is moderately wounded.
The azure jelly is struck by an electric surge!
The azure jelly is severely wounded.
The rockslime resists.
The rockslime is struck by an electric surge.
The rockslime is heavily wounded.
The quicksilver ooze is struck by an electric surge!!
The quicksilver ooze is severely wounded.
The Royal Jelly is struck by an electric surge!
The Royal Jelly is almost dead.
The Royal Jelly shudders vigorously.
The Royal Jelly spits out two more jellies.
The azure jelly is engulfed in a forest fire.
The rockslime misses you.
Unknown command.
Casting: Arcjolt (dangerous; 4% risk of failure)
Confirm with . or Enter, or press ? or * to list all spells.
You don't have enough magic to cast this spell.
Okay, then.
Unknown command.
Unknown command.
Casting: Arcjolt (dangerous; 4% risk of failure)
Confirm with . or Enter, or press ? or * to list all spells.
You blink.
An acid blob, 2 rockslimes, an azure jelly and a quicksilver ooze come into view.
The acid blob quivers.
The rockslime quivers.
The rockslime closely misses you. The redback closely misses you.
The rockslime jiggles.
The rockslime hits you!!!
You die...

#.~.§§§.~~♣♣.≈≈≈≈'..'♣≈≈≈≈≈≈≈≈≈≈≈
#.~≈§§§≈÷≈~'.....#.~♣♣♣♣♣♣♣♣♣♣♣♣♣
#.≈~§§~.≈.♣♣♣♣♣♣♣#..♣* ♣
#≈≈)~≈~.≈.♣ ###+***********♣
####'#######♣ ****,**,,**~~~~~≈
............♣♣♣ *,,,**,**,*~~~~~.
############'J♣♣♣*,**,**,**+~~~~≈
#~....÷÷÷.§.JJJJ♣♣,,#,**,,,*~~,,.
'~~...########JJ@♣..#*,**,,*~,,+#
#~J~..........JJsJ♣,**,*****,,,*.
#~~~~..........JJ♣J...,**,,,,,,*♣
###########'############*+******#
#**** ▓.÷..÷.....P.▓*,** #,,,***
▓≈≈.......P≈≈▓**,* ......#*
▓≈≈≈......≈≈≈▓ *,** *** .......**
▓≈≈÷≈≈..≈≈≈≈≈▓ **,* *,, .###...,*
▓≈≈≈≈~≈≈~≈≈≈≈▓ *,** *,,


You could see the Royal Jelly, an acid blob, 2 azure jellies, 7 rockslimes, 2
quicksilver oozes and a redback.

Vanquished Creatures
  Rupert (D)
  A deep elf blademaster (D)
  A kraken (D)
  An acid blob (D)
  Gastronok (D)
  Frances (D)
  7 azure jellies (D)
  Donald (D)
  A rockslime (D)
  3 quicksilver oozes (D)
  2 deep elf demonologists (D)
  A deep elf death mage (D)
  2 deep elf annihilators (D)
  2 dire elephants (D)
  Snorg (D)
  A deep elf high priest (D)
  A centaur warrior (D)
  An alligator snapping turtle (D)
  2 orc high priests (D)
  4 death yaks (D)
  2 deep elf knights (D)
  3 deep elf pyromancers (D)
  A shining eye (D)
  2 black mambas (D)
  2 elephants (D)
  2 cane toads (D)
  A rime drake (D)
  An unseen horror (D)
  A komodo dragon (D)
  3 wandering mushrooms (D)
  A queen bee (D)
  2 tyrant leeches (D)
  2 glass eyes (D)
  8 blink frogs (D)
  5 snapping turtles (D)
  A shadow (D)
  A spatial vortex (D)
  An orc warrior (D)
  A swamp drake (D)
  2 centaurs (D)
  An earth elemental (D)
  A necrophage (D)
  A water elemental (D)
  32 killer bees (D)
  6 orc priests (D)
  A jelly (D)
  An arcanist (D)
  An orc wizard (D)
  A necromancer (D)
  3 humans (D)
  A kobold demonologist (D)
  A wolf (D)
  8 orcs (D)
  An endoplasm (D)
  3 rats (D)
  A ballistomycete spore (D)
  3 tentacles (D)
143 creatures vanquished.

Vanquished Creatures (collateral kills)
  2 boulders (D)
2 creatures vanquished.

Vanquished Creatures (others)
  6 boulders (D)
  194 foxfires (D)
  A tentacle (D)
201 creatures vanquished.

Grand Total: 346 creatures vanquished

Notes
Turn   | Place    | Note
-------+----------+-------------------------------------------
     0 | D        | Conn the Octopode Fire Elementalist began the quest for the
                  | Orb.
     0 | D        | Reached XP level 1. HP: 11/11 MP: 3/3
   161 | D        | Noticed a wolf
   167 | D        | Killed a wolf
   168 | D        | Reached XP level 2. HP: 4/17 MP: 4/6
   172 | D        | Reached XP level 3. HP: 6/21 MP: 4/7
   191 | D        | Gained mutation: One of your tentacles bears a spike.
                  | [potion of mutation]
   191 | D        | Gained mutation: You are clumsy. (Dex -2) [potion of
                  | mutation]
   191 | D        | Gained mutation: You have an increased reservoir of magic.
                  | (+10% MP) [potion of mutation]
   192 | D        | Lost mutation: You have an increased reservoir of magic.
                  | (+10% MP) [potion of mutation]
   192 | D        | Lost mutation: One of your tentacles bears a spike. [potion
                  | of mutation]
   192 | D        | Gained mutation: Your skin blends seamlessly with your
                  | surroundings (Stealth++). [potion of mutation]
   192 | D        | Lost mutation: Your skin blends seamlessly with your
                  | surroundings (Stealth++). [potion of mutation]
   192 | D        | Gained mutation: Your muscles are strong. (Str +4, Int/Dex
                  | -1) [potion of mutation]
   193 | D        | Lost mutation: You are clumsy. (Dex -2) [potion of
                  | mutation]
   193 | D        | Lost mutation: Your muscles are strong. (Str +4, Int/Dex
                  | -1) [potion of mutation]
   193 | D        | Gained mutation: Your spells are a little harder to cast,
                  | but a little more powerful. [potion of mutation]
   193 | D        | Gained mutation: Your body sometimes deteriorates upon
                  | taking damage. [potion of mutation]
   236 | D        | Learned a level 2 spell: Scorch
   240 | D        | Learned a level 3 spell: Inner Flame
   242 | D        | Noticed a water elemental
   245 | D        | Killed a water elemental
   246 | D        | Reached skill level 5 in Stealth
   246 | D        | Reached XP level 4. HP: 27/27 MP: 1/10
   326 | D        | Found a radiant altar of Vehumet.
   326 | D        | Found a shimmering blue altar of Sif Muna.
   326 | D        | Found an ancient bone altar of Kikubaaqudgha.
   326 | D        | Noticed an arcanist
   330 | D        | Killed an arcanist
   331 | D        | Reached skill level 5 in Fire Magic
   331 | D        | Reached XP level 5. HP: 13/31 MP: 4/12
   333 | D        | Reached skill level 5 in Spellcasting
   333 | D        | Reached skill level 5 in Conjurations
   338 | D        | Became a worshipper of Sif Muna the Loreminder
   427 | D        | Learned a level 4 spell: Flame Wave
   431 | D        | Learned a level 3 spell: Stone Arrow
   445 | D        | Reached skill level 1 in Invocations
   445 | D        | Noticed a shadow
   447 | D        | Killed a shadow
   448 | D        | Reached skill level 5 in Dodging
   448 | D        | Reached XP level 6. HP: 36/36 MP: 3/15
   538 | D        | Found a blossoming altar of Fedhas.
   538 | D        | Found a stormy altar of Qazlal.
   539 | D        | Found a snail-covered altar of Cheibriados.
   539 | D        | Found a burning altar of Makhleb.
   539 | D        | Found a hazy altar of Hepliaklqana.
   539 | D        | Found a shimmering altar of Xom.
   539 | D        | Found an opulent altar of Gozag.
   539 | D        | Found a sparkling altar of Nemelex Xobeh.
   539 | D        | Found a corrupted altar of Lugonu.
   539 | D        | Found a viscous altar of Jiyva.
   539 | D        | Noticed a spatial vortex
   551 | D        | Killed a spatial vortex
   551 | D        | Reached * piety under Sif Muna
   611 | D        | Learned a level 4 spell: Brom's Barrelling Boulder
   614 | D        | Found a basalt altar of Yredelemnul.
   614 | D        | Found a shadowy altar of Dithmenos.
   614 | D        | Found a sacrificial altar of Ru.
   618 | D        | Reached XP level 7. HP: 13/41 MP: 10/17
   747 | D        | Noticed Snorg
   755 | D        | Reached ** piety under Sif Muna
   756 | D        | Reached skill level 1 in Earth Magic
   855 | D        | Reached *** piety under Sif Muna
   920 | D        | Noticed a human
   922 | D        | Noticed a human
   924 | D        | Killed a human
   928 | D        | Killed Snorg
   928 | D        | Killed a human
   928 | D        | Reached **** piety under Sif Muna
   929 | D        | Reached skill level 5 in Hexes
   929 | D        | Reached skill level 5 in Invocations
   929 | D        | Reached XP level 8. HP: 33/46 MP: 4/20
   930 | D        | Noticed an orc high priest
   937 | D        | Killed an orc high priest
   938 | D        | Reached skill level 10 in Conjurations
   938 | D        | Reached XP level 9. HP: 40/51 MP: 14/22
   984 | D        | Found a hide-covered altar of Uskayaw.
   984 | D        | Found a bloodstained altar of Trog.
   984 | D        | Found an ornate altar of the Wu Jian Council.
   991 | D        | Found an iron altar of Okawaru.
  1006 | D        | Reached ***** piety under Sif Muna
  1012 | D        | Received a gift from Sif Muna
  1017 | D        | Got Wuaneit's Grimoire of Feathery Striking {god gift}
  1036 | D        | Learned a level 5 spell: Iskenderun's Battlesphere
  1042 | D        | Learned a level 5 spell: Arcjolt
  1046 | D        | Noticed an orc high priest
  1049 | D        | Killed an orc high priest
  1050 | D        | Reached skill level 10 in Spellcasting
  1050 | D        | Reached skill level 5 in Earth Magic
  1140 | D        | Found Fanull's Distillery.
  1166 | D        | Bought a potion of lignification for 33 gold pieces
  1170 | D        | Noticed a deep elf knight
  1170 | D        | Noticed a deep elf pyromancer
  1170 | D        | Noticed a deep elf pyromancer
  1170 | D        | Noticed a deep elf knight
  1170 | D        | Noticed a deep elf pyromancer
  1186 | D        | Killed a deep elf pyromancer
  1187 | D        | Reached XP level 10. HP: 56/56 MP: 11/24
  1192 | D        | Killed a deep elf knight
  1204 | D        | Killed a deep elf knight
  1205 | D        | Reached skill level 5 in Air Magic
  1212 | D        | Killed a deep elf pyromancer
  1369 | D        | Killed a deep elf pyromancer
  1369 | D        | Received a gift from Sif Muna
  1370 | D        | Got Sif Muna's Reference Book on Battling {god gift}
  1440 | D        | Noticed a deep elf demonologist
  1443 | D        | Noticed a deep elf death mage
  1444 | D        | Noticed a rust devil
  1492 | D        | Noticed a deep elf blademaster
  1496 | D        | Identified the +5 long sword of the Dead {vamp, rElec rF-
                  | rCorr Dex-5}
  1496 | D        | Identified the +0 robe of Valour {rC++}
  1496 | D        | Noticed a deep elf demonologist
  1501 | D        | Noticed an Ice Fiend
  1504 | D        | Killed a deep elf demonologist
  1593 | D        | Noticed a deep elf annihilator
  1602 | D        | Identified the ring "Xoaxonis" {*Corrode rPois Will+ Int+3
                  | Stlth+}
  1602 | D        | Noticed a deep elf annihilator
  1602 | D        | Identified the +5 dagger "Paapret" {holy, Will+ rCorr
                  | Dex+4}
  1602 | D        | Noticed a deep elf high priest
  1728 | D        | Learned a level 5 spell: Fireball
  2322 | D        | Killed a deep elf demonologist
  2324 | D        | Killed a ghostly deep elf demonologist
  2325 | D        | Reached XP level 11. HP: 61/61 MP: 5/26
  2875 | D        | Killed a deep elf high priest
  2883 | D        | Killed a deep elf death mage
  2888 | D        | Killed a ghostly deep elf death mage
  2889 | D        | Reached skill level 10 in Fire Magic
  2907 | D        | Killed a deep elf annihilator
  2908 | D        | Reached skill level 10 in Dodging
  3073 | D        | Killed a deep elf annihilator
  3233 | D        | Killed a deep elf blademaster
  3238 | D        | Found the +6 Majin-Bo {spellvamp, MP+6 Int+6}
  3357 | D        | Got the Handbook of the Alkahest and the Entourage
  3362 | D        | Learned a level 3 spell: Mephitic Cloud
  3480 | D        | Reached skill level 10 in Invocations
  3571 | D        | Noticed a centaur warrior
  3575 | D        | Reached skill level 1 in Fighting
  3577 | D        | Received a gift from Sif Muna
  3578 | D        | Killed a centaur warrior
  3582 | D        | Got Zolizeni's Writings on Forceful Elsewhere {god gift}
  3719 | D        | Received a gift from Sif Muna
  3719 | D        | Reached ****** piety under Sif Muna
  3719 | D        | Received a gift from Sif Muna
  3720 | D        | Received a gift from Sif Muna
  3721 | D        | Reached XP level 12. HP: 75/76 MP: 23/28
  3723 | D        | Reached skill level 5 in Fighting
  3726 | D        | Got Sif Muna's Spellbook of Hyperbolic Wounds {god gift}
  3726 | D        | Got Koagifag's Incunable of the Jinx and Bedrock {god gift}
  3726 | D        | Got Sif Muna's Yet Another Spellbook About the Sigils and
                  | Symbols {god gift}
  3733 | D        | Learned a level 4 spell: Iskenderun's Mystic Blast
  3736 | D        | Learned a level 2 spell: Blink
  3817 | D        | Noticed Donald
  3817 | D        | Noticed Frances
  3821 | D        | Noticed a sun demon
  3822 | D        | Killed Frances
  3822 | D        | Killed Donald
  3836 | D        | Noticed a seven-headed hydra
  3836 | D        | Noticed a four-headed hydra
  3836 | D        | Found a blossoming altar of Fedhas.
  3967 | D        | Received a gift from Sif Muna
  3974 | D        | Got Sif Muna's Meditations on Flammable Confrontation {god
                  | gift}
  4225 | D        | Received a gift from Sif Muna
  4229 | D        | Got Liahotar's Anthology of the Luminous Gift {god gift}
  4248 | D        | Noticed a dire elephant
  4249 | D        | Noticed a dire elephant
  4277 | D        | Killed a dire elephant
  4282 | D        | Killed a dire elephant
  4486 | D        | Noticed Gastronok
  4497 | D        | Killed Gastronok
  4498 | D        | Reached skill level 5 in Translocations
  4506 | D        | Noticed an azure jelly
  4506 | D        | Noticed an azure jelly
  4506 | D        | Noticed an azure jelly
  4508 | D        | Noticed an azure jelly
  4511 | D        | Noticed Rupert
  4537 | D        | Killed Rupert
  4681 | D        | Noticed a death yak
  4682 | D        | Noticed a death yak
  4685 | D        | Noticed a death yak
  4686 | D        | Noticed a death yak
  4690 | D        | Killed a death yak
  4690 | D        | Received a gift from Sif Muna
  4691 | D        | Reached skill level 10 in Fighting
  4691 | D        | Reached XP level 13. HP: 92/92 MP: 21/31
  4694 | D        | Reached skill level 15 in Invocations
  4696 | D        | Got Zasorphua's Incunable of Kinetic Energy {god gift}
  4704 | D        | Received a gift from Sif Muna
  4848 | D        | Noticed a kraken
  4992 | D        | Killed a kraken
  4993 | D        | Reached skill level 15 in Spellcasting
  5133 | D        | Received a gift from Sif Muna
  5136 | D        | Got Sif Muna's Cyclopedia of Profulgent Voltage {god gift}
  5317 | D        | Found Akuic's Antique Weapon Shop.
  5317 | D        | Found Ruul Zich's Distillery.
  5317 | D        | Found Vifuiqul's Book Shoppe.
  5325 | D        | Got a barnacled rune of Zot
  5330 | D        | Bought a manual of Shields for 800 gold pieces
  5337 | D        | Learned a level 6 spell: Plasma Beam
  5366 | D        | HP: 4/96 [azure jelly (33)]
  5375 | D        | Killed an azure jelly
  5380 | D        | Killed an azure jelly
  5380 | D        | Killed an azure jelly
  5381 | D        | Killed an azure jelly
  5545 | D        | Found the +4 consecrated labrys {holy, Valiant ^Fragile Fly
                  | SInv}
  5548 | D        | Noticed an azure jelly
  5549 | D        | Gained mutation: You are dopey. (Int -2) [a shining eye]
  5551 | D        | Killed an azure jelly
  5551 | D        | Received a gift from Sif Muna
  5552 | D        | Noticed the Royal Jelly
  5614 | D        | Noticed an azure jelly
  5614 | D        | Noticed a quicksilver ooze
  5615 | D        | Noticed a rockslime
  5615 | D        | Noticed a rockslime
  5617 | D        | Killed a quicksilver ooze
  5618 | D        | Noticed an azure jelly
  5618 | D        | Noticed an azure jelly
  5618 | D        | Killed an azure jelly
  5618 | D        | Noticed a rockslime
  5618 | D        | Noticed a quicksilver ooze
  5619 | D        | Noticed a rockslime
  5619 | D        | Killed an azure jelly
  5619 | D        | Noticed a rockslime
  5619 | D        | Killed a quicksilver ooze
  5620 | D        | Reached skill level 1 in Shields
  5620 | D        | Noticed an acid blob
  5625 | D        | Noticed a rockslime
  5625 | D        | Noticed a quicksilver ooze
  5627 | D        | Killed a quicksilver ooze
  5627 | D        | Killed an acid blob
  5628 | D        | Noticed a quicksilver ooze
  5628 | D        | Killed a rockslime
  5630 | D        | Noticed an acid blob
  5630 | D        | Noticed a rockslime
  5630 | D        | Noticed a rockslime
  5630 | D        | Noticed an azure jelly
  5630 | D        | Noticed a quicksilver ooze
  5630 | D        | Mangled by a rockslime

Illustrated notes

Levels and vault maps discovered:
D:        dungeon_sprint_mu [sprint_mu_entry_cave, sprint_mu_temple_rooms,
          sprint_mu_d1_horrors, sprint_mu_d2_genie, sprint_mu_d3_branching,
          sprint_mu_orc_legion, sprint_mu_elf_gauntlet, sprint_mu_hive_nellie,
          sprint_mu_lair_fedhas, sprint_mu_vaults_butterflies,
          sprint_mu_slime_circle, sprint_mu_swamp_cave, sprint_mu_shoals_kraken,
          sprint_mu_blade_basic, sprint_mu_crypt_fortress,
          sprint_mu_tomb_spiral, sprint_mu_vestibule_basic,
          sprint_mu_gehenna_hellfire, sprint_mu_dis_giant,
          sprint_mu_tartarus_statrot, sprint_mu_cocytus_islands, sprint_mu_zot1]

Skill      XL: |  1  2  3  4  5  6  7  8  9 10 11 12 13 |
---------------+----------------------------------------+-----
Stealth        | 3 4 5 7 8 |  8.0
Spellcasting   | 3 4 6 7 8 9 10 11 12 14 16 | 16.0
Conjurations   | 2 3 4 6 7 9 10 12 13 | 13.6
Fire Magic     | 4 5 6 7 8 9 11 13 14 | 14.7
Dodging        | 3 4 5 7 8 9 10 | 10.4
Invocations    | 2 3 5 6 7 8 11 14 16 | 16.8
Hexes          | 2 3 5 6 |  6.0
Earth Magic    | 4 5 |  5.0
Air Magic      | 3 7 9 |  9.4
Fighting       | 4 10 13 | 13.1
Translocations | 5 |  5.0
Shields        | 1 |  1.5

Action                     |  1- 3 |  4- 6 |  7- 9 | 10-12 | 13-15 || total
---------------------------+-------+-------+-------+-------+-------++-------
  Melee: Unarmed           |     9 |       |       |       |       ||     9
         Constrict         |     3 |     1 |     1 |       |     2 ||     7
         Tentacles         |     3 |       |     2 |     1 |     2 ||     8
         Dagger            |       |     2 |     2 |       |       ||     4
         Bo                |       |       |       |     3 |     9 ||    12
   Cast: Foxfire           |     9 |    10 |    14 |    79 |     6 ||   118
         Scorch            |     3 |     7 |    14 |    35 |     9 ||    68
         Inner Flame       |       |     2 |    11 |    44 |     5 ||    62
         Iskenderun's Batt |       |       |     1 |     6 |       ||     7
         Flame Wave        |       |       |     1 |     6 |     2 ||     9
         Fireball          |       |       |       |    40 |    27 ||    67
         Stone Arrow       |       |       |       |    10 |       ||    10
         Brom's Barrelling |       |       |       |     8 |     1 ||     9
         Mephitic Cloud    |       |       |       |    11 |     5 ||    16
         Arcjolt           |       |       |       |     6 |    19 ||    25
         Iskenderun's Myst |       |       |       |     6 |     3 ||     9
         Blink             |       |       |       |       |     2 ||     2
         Plasma Beam       |       |       |       |       |     1 ||     1
 Invoke: Channel Magic     |       |       |     1 |     3 |     2 ||     6
  Evoke: Lightning rod     |       |       |       |     5 |       ||     5
    Use: Potion            |     4 |       |       |       |     2 ||     6
         Scroll            |       |       |       |     6 |     1 ||     7
   Stab: Sleeping          |       |     1 |       |       |       ||     1
         Confused          |       |       |       |     1 |       ||     1
 Armour: Skin              |     3 |     3 |     5 |    24 |    20 ||    55
  Dodge: Dodged            |     5 |       |     6 |    25 |    21 ||    57
  Block: Kite shield       |       |       |       |     5 |    18 ||    23

Table legend: (Time is in decaauts)
 A = Elapsed time spent in this place.
 B = Non-inter-level travel time spent in this place.
 C = Inter-level travel time spent in this place.
 D = Time resting spent in this place.
 E = Time spent auto-exploring this place.
 F = Levels seen in this place.
 G = Mean time per level.
                   A        B        C        D        E       F      G
               +--------+--------+--------+--------+--------+-----+--------+
         Total |   5637 |   5637 |      0 |   3797 |     74 |   1 | 5637.0 |
       Dungeon |   5637 |   5637 |      0 |   3797 |     74 |   1 | 5637.0 |
               +--------+--------+--------+--------+--------+-----+--------+

Top non-repeatable levels by time:
       D: 5637 daAuts
